 Dungeon Crawl Stone Soup version 0.29.0-4-gdea44cf6ec (webtiles) character file.

Game seed: 1250693299621941045

3 qw the Sneak (level 1, 0/14 HPs)
             Began as a Ghoul Enchanter on Sept 5, 2022.
             Slain by a quokka (2 damage)
             ... on level 1 of the Dungeon.
             The game lasted 00:00:07 (358 turns).

qw the Sneak (Ghoul Enchanter)                       Turns: 358, Time: 00:00:07

Health: 0/14       AC:  2    Str: 11    XL:     1   Next: 50%
Magic:  2/2        EV: 12    Int: 10    God:
Gold:   10         SH:  0    Dex:  9    Spells: 3/3 levels left

rFire   . . .      SeeInvis .     - Unarmed
rCold   + . .      Faith    .   (no shield)
rNeg    + + +      Spirit   .   b - +0 robe
rPois   inf        Reflect  .   (no helmet)
rElec   .          Harm     .   (no cloak)
rCorr   .          Rampage  .   (no gloves)
Will    .....                   (no boots)
Stlth   ++........              (no amulet)
HPRegen 0.00/turn               (no ring)
MPRegen 0.08/turn               (no ring)

@: inhibited regen
A: claws 1, cold resistance 1, negative energy resistance 3, inhibited
regeneration, torment resistance 2, devour on kill
a: no special abilities


You were on level 1 of the Dungeon.
You visited 1 branch of the dungeon, and saw 1 of its levels.

You collected 10 gold pieces.


Innate Abilities, Weirdness & Mutations

You are immune to poison.
You have sharp fingernails.
Your flesh is cold resistant. (rC+)
You are immune to negative energy. (rN+++)
You do not regenerate when monsters are visible.
You are immune to unholy pain and torment.
You thrive by killing the living.


   Skills:
 + Level 0.0 Fighting
 - Level 0.8 Short Blades
 - Level 1.7 Dodging
 - Level 3.2 Stealth
 - Level 1.0 Unarmed Combat
 - Level 1.7 Spellcasting
 - Level 2.4 Hexes


You had 3 spell levels left.
You didn't know any spells.
Your spell library contained the following spells:

 Spells                   Type           Power      Damage    Failure   Level
 Ensorcelled Hibernation  Hex/Ice        6%         N/A       30%         2
 Confusing Touch          Hex            5%         N/A       34%         3
 Tukima's Dance           Hex            5%         N/A       34%         3
 Dazzling Flash           Conj/Hex       6%         N/A       52%         3

Inventory:

Armour
 b - a +0 robe (worn)
Scrolls
 a - a scroll of poison {unknown}
 e - a scroll of acquirement {unknown}
 g - a scroll of butterflies {unknown}
 i - 4 scrolls of identify {unknown}
Potions
 c - 2 potions of invisibility
 d - a potion of heal wounds {unknown}
 f - 2 potions of degeneration {unknown}
 h - a potion of haste {unknown}

Dungeon Overview and Level Annotations

Branches:
Dungeon (1/15)

Altars:


Message History

The kobold is moderately wounded.
The kobold hits you with a +0 club.
You barely miss the kobold.
The kobold is moderately wounded.
The kobold closely misses you.
You scratch the kobold.
The kobold is severely wounded.
The kobold hits you with a +0 club.
You scratch the kobold.
You kill the kobold!
You feel better.
Your Unarmed Combat skill increases to level 1!
You start resting.
HP restored.
f - 2 smoky grey potions
Things that are here:
a +0 club; 4 stones; a kobold corpse
g - a scroll labelled BOCHEF QIAB
h - a clear potion
Things that are here:
a +0 club; 4 stones; a kobold corpse
i - a scroll labelled OSUHAX WAKOBB
Found an escape hatch in the floor.
Found a stone staircase leading down.
i - 4 scrolls labelled OSUHAX WAKOBB (gained 3)
A quokka comes into view.
You closely miss the quokka. The quokka bites you.
You closely miss the quokka. The quokka bites you.
You scratch the quokka.
The quokka is moderately wounded.
The quokka bites you. x2
You closely miss the quokka.
The quokka is moderately wounded.
The quokka misses you.
You barely miss the quokka.
The quokka is moderately wounded.
The quokka bites you.
You die...

#................ ..
#..#............ #.
#............... #.
#.#............. #.#
# ###......#.... #..
#.###..##... ##..
#..###......
#..r#######....##....
#.@................
#########....###...
#....# #... #....#
#... .....# #...
#..^.#...##
#........# ........#
.....#


You could see a quokka.

Vanquished Creatures
  A ball python (D:1)
  2 kobolds (D:1)
  A rat (D:1)
4 creatures vanquished.

Notes
Turn   | Place    | Note
-------+----------+-------------------------------------------
     0 | D:1      | qw the Ghoul Enchanter began the quest for the Orb.
     0 | D:1      | Reached XP level 1. HP: 14/14 MP: 2/2
     0 | D:1      | 0 ||| qw: Version: 0.1-a-104-g96f76f8
     0 | D:1      | 0 ||| qw: Game counter: 5864
     0 | D:1      | 0 ||| qw: Always use a shield: true
     0 | D:1      | 0 ||| qw: God list: Okawaru
     0 | D:1      | 0 ||| qw: Allow faded altars: false
     0 | D:1      | 0 ||| qw: Do Orc after D:15 true
     0 | D:1      | 0 ||| qw: Do second Lair branch before Depths: true
     0 | D:1      | 0 ||| qw: Lair rune preference: random
     0 | D:1      | 0 ||| qw: Plans: Normal
     0 | D:1      | 0 ||| PLANNING D:1-11
     1 | D:1      | 1 ||| DROPPING +1 dagger.
   161 | D:1      | 161 ||| Stepping ~*~*~tactically~*~*~ (stealth).
   188 | D:1      | Reached skill level 1 in Unarmed Combat
   356 | D:1      | HP: 2/14 [quokka (5)]
   358 | D:1      | Slain by a quokka

Levels and vault maps discovered:
D:1:      elethiomel_arrival_maze, layout_rooms, serial_curves, eino_curves_02,
          eino_curves_03

Skill      XL: |  1 |
---------------+----+-----
Unarmed Combat | 1 |  1.0
Short Blades   | |  0.8
Dodging        | |  1.7
Stealth        | |  3.2
Spellcasting   | |  1.7
Hexes          | |  2.4

Action                   || total
-------------------------++-------
Melee: Unarmed           ||    15
Armor: Robe              ||     1
Dodge: Dodged            ||     3

Table legend:
 A = Non-vault XP
 B = Vault XP
 C = Vault XP percentage of total XP
 D = Non-vault monster count
 E = Vault monster count
 F = Vault count percentage of total count
                 A         B        C        D         E       F
            +---------+---------+-------+---------+---------+-------
      Total |       5 |       0 |   0.0 |       4 |       0 |   0.0
            +---------+---------+-------+---------+---------+-------
        D:1 |       5 |       0 |   0.0 |       4 |       0 |   0.0
            +---------+---------+-------+---------+---------+-------
